 Dungeon Crawl Stone Soup version 0.28.0 (webtiles) character file.

Game seed: 901639265047049583

84 sanka the Conjurer (level 4, -5/24 HPs)
             Began as a Tengu Earth Elementalist on Feb 9, 2022.
             Killed from afar by an orc wizard (8 damage)
             ... with a puff of flame
             ... on level 3 of the Dungeon.
             The game lasted 00:04:03 (3264 turns).

sanka the Conjurer (Tengu Earth Elementalist)       Turns: 3264, Time: 00:04:04

Health: -5/24      AC:  4    Str:  9    XL:     4   Next: 45%
Magic:  0/8        EV: 12    Int: 17    God:
Gold:   107        SH:  0    Dex: 14    Spells: 1/7 levels left

rFire   . . .      SeeInvis .   h - +2 dagger (drain)
rCold   + . .      Faith    .   (no shield)
rNeg    . . .      Spirit   +   b - +0 robe
rPois   .          Reflect  .   (helmet restricted)
rElec   .          Harm     .   s - +0 cloak
rCorr   .          Rampage  .   r - +0 pair of gloves
Will    .....                   (boots unavailable)
Stlth   ++........              n - amulet of guardian spirit
HPRegen 0.08/turn               (no ring)
MPRegen 0.11/turn               o - ring of protection from cold

@: lethally poisoned (-5 -> -17), attractive
A: beak, talons 3
a: no special abilities


You were on level 3 of the Dungeon.
You visited 1 branch of the dungeon, and saw 3 of its levels.

You collected 107 gold pieces.

Inventory:

Hand Weapons
 h - a +2 dagger of draining (weapon)
Missiles
 c - 52 stones
Armour
 b - a +0 robe (worn)
 r - a +0 pair of gloves (worn)
 s - a +0 cloak (worn)
Jewellery
 f - a ring of ice
 n - an amulet of guardian spirit (around neck)
 o - a ring of protection from cold (right hand)
Scrolls
 a - 4 scrolls of identify {unknown}
 d - a scroll of blinking {unknown}
 e - 3 scrolls of teleportation {unknown}
 m - a scroll of immolation {unknown}
 p - a scroll of acquirement {unknown}
 q - a scroll of magic mapping {unknown}
Potions
 g - a potion of resistance {unknown}
 i - a potion of invisibility {unknown}
 j - a potion of heal wounds {unknown}
 k - a potion of degeneration {unknown}
 l - a potion of attraction


   Skills:
 - Level 2.1 Dodging
 - Level 2.0 Stealth
 - Level 2.0 Spellcasting
 + Level 5.2 Conjurations
 - Level 0.7 Transmutations
 - Level 2.1 Earth Magic


You had one spell level left.
You knew the following spells:

 Your Spells              Type           Power      Damage    Failure   Level
a - Sandblast             Erth           18%        2d7       8%          1
b - Passwall              Tmut/Erth      5%         N/A       16%         2
c - Stone Arrow           Conj/Erth      28%        3d8       13%         3

Your spell library contained the following spells:

 Spells                   Type           Power      Damage    Failure   Level
 Petrify                  Tmut/Erth      6%         N/A       71%         4


Dungeon Overview and Level Annotations

Branches:
Dungeon (3/15)

Altars:


Innate Abilities, Weirdness & Mutations

You have a beak for a mouth.
You have claws for feet.


Message History

The orc hits you with a +0 club.
You closely miss the orc. Your kick misses the orc.
The orc is severely wounded.
The orc barely misses you.
You hit the orc.
You kill the orc!
The orc wizard gestures wildly while chanting.
The orc wizard flickers and vanishes!
Casting: Sandblast (safe; 8% risk of failure)
Confirm with . or Enter, or press ? or * to list all spells.
Aiming: Sandblast (safe; 8% risk of failure)
Press: ? - help, Shift-Dir - straight line The blast of sand hits something!
Something hits you but does no damage.
You are poisoned.
Casting: Sandblast (safe; 8% risk of failure)
Confirm with . or Enter, or press ? or * to list all spells.
Aiming: Sandblast (safe; 8% risk of failure)
Press: ? - help, Shift-Dir - straight line The blast of sand hits something.
You feel very sick. Something hits you.
Unknown command.
Casting: Sandblast (safe; 8% risk of failure)
Confirm with . or Enter, or press ? or * to list all spells.
Aiming: Sandblast (safe; 8% risk of failure)
Press: ? - help, Shift-Dir - straight line The blast of sand hits something but does no damage.
You feel sick. Something hits you.
* * * LOW HITPOINT WARNING * * *
You are more poisoned.
Unknown command.
Unknown command.
It was a potion of attraction.
You feel attractive to monsters.
* * * LOW HITPOINT WARNING * * *
You feel very sick.
You hear some strange, mumbled words.
A puff of flame appears from out of thin air!
The puff of flame hits you!
You die...

....# #..# ####.
##.......#....
....####..#
####............)..†)
.....#...##.....
.......##.##....
..>.........#
#.......#.#.....
......)#.####
.).####......##..
...#.###.# .##
##...## ### ...#.#
#.## .####...### #.
...#.###..#
####........ ....
####.##...#
#{{@.....#.. #####
#.##.### ##.########
....# #....#
#.......## #..
##..######........#
###
##....#...o....... #
#..##...#......... #.
#.###.......o.....
#..
#.#...##...oo.{...
...#
#.#.####..........
#.##


There were no monsters in sight!

Vanquished Creatures
  2 adders (D:2)
  2 worms
  A dart slug (D:3)
  7 orcs (D:3)
  2 endoplasms
  2 goblins (D:3)
  3 hobgoblins
  5 jackals (D:1)
  3 quokkas (D:3)
  4 ball pythons
  5 bats
  3 frilled lizards
  6 kobolds
  7 rats
52 creatures vanquished.

Notes
Turn   | Place    | Note
-------+----------+-------------------------------------------
     0 | D:1      | sanka the Tengu Earth Elementalist began the quest for the
                  | Orb.
     0 | D:1      | Reached XP level 1. HP: 10/10 MP: 4/4
   316 | D:1      | Reached skill level 1 in Conjurations
   613 | D:1      | Reached skill level 2 in Conjurations
   746 | D:1      | Reached XP level 2. HP: 15/15 MP: 1/6
   802 | D:1      | Found a faded altar of an unknown god.
  1191 | D:1      | Reached skill level 3 in Conjurations
  1541 | D:2      | Reached XP level 3. HP: 12/19 MP: 4/7
  1686 | D:2      | Reached skill level 4 in Conjurations
  1707 | D:2      | Learned a level 2 spell: Passwall
  1711 | D:2      | Learned a level 3 spell: Stone Arrow
  2649 | D:3      | Reached XP level 4. HP: 23/24 MP: 8/8
  2741 | D:3      | Reached skill level 5 in Conjurations
  3264 | D:3      | Killed from afar by an orc wizard

Illustrated notes

Levels and vault maps discovered:
D:1:      ncdulo_wetmaze, layout_basic, dreamdust_ecumenical_altar_statues
D:2:      layout_basic
D:3:      layout_rooms

Skill      XL: |  1  2  3  4 |
---------------+-------------+-----
Conjurations   | 2 3 4 5 |  5.2
Dodging        | |  2.1
Stealth        | |  2.0
Spellcasting   | |  2.0
Transmutations | |  0.7
Earth Magic    | |  2.1

Action                   |  1- 3 |  4- 6 || total
-------------------------+-------+-------++-------
Melee: Unarmed           |    33 |       ||    33
       Kick              |    17 |     8 ||    25
       Peck              |     7 |     7 ||    14
       Dagger            |    38 |    34 ||    72
 Cast: Sandblast         |    26 |     3 ||    29
  Use: Potion            |       |     1 ||     1
 Stab: Sleeping          |     2 |     1 ||     3
Armor: Robe              |    15 |     6 ||    21
Dodge: Dodged            |    55 |    13 ||    68
